 Dungeon Crawl Stone Soup version 0.30-a0-1116-gebefce21f7 (webtiles) character file.

Game seed: 17015303734450851409

2336 retardedninja the Magician (level 9, -11/66 HPs)
             Began as a Gnoll Fire Elementalist on Apr 21, 2023.
             Was a Believer of Cheibriados.
             Killed from afar by a steam dragon (15 damage)
             ... with a ball of steam
             ... on level 7 of the Dungeon.
             The game lasted 00:12:09 (9825 turns).

retardedninja the Magician (GnFE)                   Turns: 9825, Time: 00:12:10

Health: -11/66     AC:  9    Str: 11    XL:     9   Next: 42%
Magic:  0/19       EV: 15    Int: 24    God:    Cheibriados [**....]
Gold:   291        SH:  0    Dex: 16    Spells: 11/21 levels left

rFire   . . .      SeeInvis .    y - +0 executioner's axe
rCold   + . .      Faith    .    (shield currently unavailable)
rNeg    . . .      Spirit   .    a - +0 robe
rPois   +          Reflect  .    (no helmet)
rElec   .          Rampage  .    (no cloak)
rCorr   .                        r - +2 pair of gloves
Will    ++...                    (no boots)
Stlth   ++++                     (no amulet)
HPRegen 0.31/turn                d - +4 ring of protection
MPRegen 0.16/turn                t - ring "Luocanwel" {*Slow rC+ Will+ Slay+3 Stlth+}

@: attractive, very slightly contaminated, very slow
A: fangs 1, strong nose, distributed training, strong-willed 1, poison
resistance
a: Renounce Religion, Bend Time


You were on level 7 of the Dungeon.
You worshipped Cheibriados.
Cheibriados was pleased with you.
You visited 2 branches of the dungeon, and saw 8 of its levels.

You collected 291 gold pieces.

Inventory:

Hand Weapons
 y - a +0 executioner's axe (weapon)
Missiles
 h - 2 throwing nets
Armour
 a - a +0 robe (worn)
 r - a +2 pair of gloves (worn)
Jewellery
 d - a +4 ring of protection (left hand)
 t - the ring "Luocanwel" (right hand) {*Slow rC+ Will+ Slay+3 Stlth+}
   (You found it on level 3 of the Dungeon)

   [ring of protection from cold]

   Slay:      It affects your accuracy & damage with ranged weapons and melee
   (+3).
   rC:        It protects you from cold.
   *Slow:     It may slow you when you take damage.
   Will:      It increases your willpower.
   Stlth:     It makes you more stealthy.
 z - a +6 ring of dexterity
Wands
 x - a wand of iceblast (1)
Scrolls
 c - a scroll of immolation {unknown}
 e - 3 scrolls of brand weapon {unknown}
 f - a scroll of magic mapping {unknown}
 k - a scroll of acquirement {unknown}
 m - 3 scrolls of identify {unknown}
 n - a scroll of silence {unknown}
 o - a scroll of enchant weapon {unknown}
 s - a scroll of fog {unknown}
 u - a scroll of teleportation {unknown}
 v - 2 scrolls of enchant armour {unknown}
 A - a scroll of vulnerability {unknown}
Potions
 g - 3 potions of attraction
 i - a potion of curing
 l - 3 potions of mutation
 p - 3 potions of degeneration {unknown}
 q - 2 potions of lignification {unknown}


   Skills:
 + Level 4.4 Fighting
 + Level 4.4 Short Blades
 + Level 4.4 Long Blades
 + Level 4.4 Axes
 + Level 4.4 Maces & Flails
 + Level 4.4 Polearms
 + Level 4.4 Staves
 + Level 4.4 Ranged Weapons
 + Level 4.4 Throwing
 + Level 4.4 Armour
 + Level 6.4 Dodging
 + Level 6.1 Stealth
 + Level 4.4 Shields
 + Level 4.4 Unarmed Combat
 + Level 6.7 Spellcasting
 + Level 4.2 Conjurations
 + Level 3.6 Hexes
 + Level 3.6 Summonings
 + Level 3.6 Necromancy
 + Level 3.6 Translocations
 + Level 3.6 Transmutations
 + Level 6.6 Fire Magic
 + Level 3.6 Ice Magic
 + Level 3.6 Air Magic
 + Level 3.6 Earth Magic
 + Level 3.6 Poison Magic
 + Level 4.8 Invocations
 + Level 4.4 Evocations


You had 11 spell levels left.
You knew the following spells:

 Your Spells              Type           Power      Damage    Failure   Level
a - Foxfire               Conj/Fire      100%       2x1d9     1%          1
b - Scorch                Fire           80%        2d8       1%          2
c - Inner Flame           Hex/Fire       32%        N/A       2%          3
d - Flame Wave            Conj/Fire      34%        2d10      8%          4

Your spell library contained the following spells:

 Spells                   Type           Power      Damage    Failure   Level
 Apportation              Tloc           50%        N/A       1%          1
 Necrotise                Necr           100%       1d9       1%          1
 Summon Small Mammal      Summ           100%       N/A       1%          1
 Blink                    Tloc           50%        N/A       2%          2
 Lesser Beckoning         Tloc           50%        N/A       2%          2
 Momentum Strike          Conj/Tloc      54%        3d9       2%          2
 Volatile Blastmotes      Fire/Tloc      64%        2d15      2%          3
 Dazzling Flash           Conj/Hex       54%        N/A       4%          3
 Gell's Gravitas          Tloc           25%        N/A       4%          3
 Stone Arrow              Conj/Erth      54%        3d10      4%          3
 Teleport Other           Tloc           25%        N/A       4%          3
 Vhi's Electric Charge    Tloc/Air       50%        N/A       4%          3
 Iskenderun's Mystic Bla  Conj/Tloc      27%        2d7       14%         4
 Animate Armour           Summ/Erth      50%        N/A       17%         4
 Arcjolt                  Conj/Air       13%        1d23      38%         5
 Starburst                Conj/Fire      17%        6d6       77%         6
 Lehudib's Crystal Spear  Conj/Erth      13%        10d5      100%        8
 Maxwell's Capacitive Co  Air            12%        ∞         100%        8


Dungeon Overview and Level Annotations

Branches:
Dungeon (7/15)             Temple (1/1) D:5

Altars:
Ashenzari
Cheibriados
Elyvilon
Hepliaklqana
Makhleb
Qazlal
Ru
Sif Muna
Uskayaw
Wu Jian
Xom
Yredelemnul
Zin


Innate Abilities, Weirdness & Mutations

You have very sharp teeth.
Your uncanny sense of smell can sniff out nearby items.
Your experience applies equally to all skills.
You are strong-willed. (Will+)
Your system is resistant to poisons. (rPois)


Message History

You miscast Flame Wave.
You are very lightly contaminated with residual magic.
Nothing appears to happen.
Joseph hits you with a +0 quarterstaff!
* * * LOW HITPOINT WARNING * * *
Unknown command.
Unknown command.
Joseph hits you with a +0 quarterstaff.
* * * LOW HITPOINT WARNING * * *
Unknown command.
Unknown command.
Okay, then.
It was a potion of mutation.
You feel extremely strange.
You feel resistant to poisons.
You feel strong-willed. Joseph barely misses you.
It was a potion of attraction.
You feel attractive to monsters. Joseph hits you with a +0 quarterstaff!
* * * LOW HITPOINT WARNING * * *
It was a potion of curing.
You feel better. Joseph hits you with a +0 quarterstaff!
* * * LOW HITPOINT WARNING * * *
The steam dragon misses you. The steam dragon closely misses you.
Okay, then.
Casting: Flame Wave (dangerous; 9% risk of failure)
Confirm with . or Enter, or press ? or * to list all spells.
Casting: Flame Wave (dangerous; 9% risk of failure)
Press: ? - help, Dir - look around, f - activate A wave of flame ripples out!
The flame wave engulfs Joseph!
You kill Joseph!
Cheibriados appreciates the change of pace.
The flame wave engulfs the steam dragon!
The steam dragon is moderately wounded. (Press . to intensify the flame waves.)
The steam dragon bites you but does no damage.
The steam dragon claws you.
* * * LOW HITPOINT WARNING * * *
Without enough magic to sustain them, the waves of flame dissipate.
The steam dragon breathes steam at you. The ball of steam hits you!
You die...

####.######.@..
.........#...#
.............#
..........##
...........#.##.
................
.......<.#...##
........)#####
.........@D######..
##########.........
####...... .##.D ..
#. .


You could see a steam dragon (catching breath).

Vanquished Creatures
  Joseph (D:7)
  Edmund (D:6)
  A water moccasin (D:4)
  An orc warrior (D:6)
  2 sky beasts (D:6)
  An ogre (D:3)
  A black bear (D:6)
  A centaur (D:6)
  2 bullfrogs (D:6)
  4 scorpions
  5 killer bees
  A howler monkey (D:4)
  4 orc priests
  5 hounds
  A sleepcap (D:4)
  2 iguanas
  2 orc wizards (D:5)
  3 gnolls (D:5)
  8 adders
  3 shadow imps
  A white imp (D:5)
  A worm (D:2)
  4 dart slugs
  19 orcs
  8 ball pythons
  8 endoplasms
  A giant cockroach (D:2)
  6 goblins
  10 hobgoblins
  3 quokkas
  5 bats
  6 frilled lizards
  3 kobolds
  3 rats
127 creatures vanquished.

Vanquished Creatures (others)
  536 foxfires
536 creatures vanquished.

Grand Total: 663 creatures vanquished

Notes
Turn   | Place    | Note
-------+----------+-------------------------------------------
     0 | D:1      | retardedninja the Gnoll Fire Elementalist began the quest
                  | for the Orb.
     0 | D:1      | Reached XP level 1. HP: 13/13 MP: 6/6
   229 | D:1      | Reached XP level 2. HP: 19/19 MP: 5/7
   950 | D:1      | Found a faded altar of an unknown god.
   960 | D:1      | Reached skill level 5 in Spellcasting
   960 | D:1      | Reached XP level 3. HP: 25/25 MP: 2/9
  1372 | D:2      | Found an ornate altar of the Wu Jian Council.
  1507 | D:2      | Reached skill level 1 in Invocations
  2269 | D:2      | Reached skill level 1 in Fighting
  2269 | D:2      | Reached skill level 1 in Short Blades
  2269 | D:2      | Reached skill level 1 in Long Blades
  2269 | D:2      | Reached skill level 1 in Axes
  2269 | D:2      | Reached skill level 1 in Maces & Flails
  2269 | D:2      | Reached skill level 1 in Polearms
  2269 | D:2      | Reached skill level 1 in Staves
  2269 | D:2      | Reached skill level 1 in Ranged Weapons
  2269 | D:2      | Reached skill level 1 in Throwing
  2269 | D:2      | Reached skill level 1 in Armour
  2269 | D:2      | Reached skill level 1 in Shields
  2269 | D:2      | Reached skill level 1 in Unarmed Combat
  2269 | D:2      | Reached skill level 1 in Evocations
  2314 | D:2      | Reached XP level 4. HP: 32/32 MP: 8/11
  2569 | D:2      | Learned a level 2 spell: Scorch
  2965 | D:3      | Reached skill level 1 in Hexes
  2965 | D:3      | Reached skill level 1 in Summonings
  2965 | D:3      | Reached skill level 1 in Necromancy
  2965 | D:3      | Reached skill level 1 in Translocations
  2965 | D:3      | Reached skill level 1 in Transmutations
  2965 | D:3      | Reached skill level 1 in Ice Magic
  2965 | D:3      | Reached skill level 1 in Air Magic
  2965 | D:3      | Reached skill level 1 in Earth Magic
  2965 | D:3      | Reached skill level 1 in Poison Magic
  3455 | D:3      | Identified the ring "Luocanwel" {*Slow rC+ Will+ Slay+3
                  | Stlth+}
  4030 | D:4      | Reached XP level 5. HP: 37/37 MP: 9/12
  4123 | D:4      | Noticed an ogre
  4136 | D:3      | Killed an ogre
  4137 | D:3      | Reached XP level 6. HP: 34/44 MP: 2/14
  4398 | D:4      | Reached skill level 5 in Dodging
  5303 | D:5      | Entered Level 5 of the Dungeon
  5354 | D:5      | Learned a level 3 spell: Inner Flame
  5561 | D:5      | Noticed a water moccasin
  5595 | D:4      | Killed a water moccasin
  5596 | D:4      | Reached XP level 7. HP: 33/51 MP: 0/15
  5839 | D:5      | Found a staircase to the Ecumenical Temple.
  5851 | Temple   | Entered the Ecumenical Temple
  5865 | Temple   | Became a worshipper of Cheibriados the Contemplative
  5980 | D:5      | Reached skill level 5 in Stealth
  6153 | D:5      | Found a hide-covered altar of Uskayaw.
  6155 | D:5      | Found a sacrificial altar of Ru.
  6157 | D:5      | Found a shimmering altar of Xom.
  6158 | D:5      | Found a white marble altar of Elyvilon.
  6158 | D:5      | Found a broken altar of Ashenzari.
  6159 | D:5      | Found a stormy altar of Qazlal.
  6922 | D:6      | Reached * piety under Cheibriados
  7031 | D:6      | Reached XP level 8. HP: 46/58 MP: 9/16
  7356 | D:6      | Found a hazy altar of Hepliaklqana.
  7635 | D:6      | Noticed Edmund
  7642 | D:6      | Killed Edmund
  8426 | D:6      | Reached XP level 9. HP: 65/65 MP: 15/18
  8431 | D:6      | Learned a level 4 spell: Flame Wave
  8599 | D:7      | Reached ** piety under Cheibriados
  8600 | D:7      | Noticed Joseph
  9821 | D:7      | Gained mutation: Your system is resistant to poisons.
                  | (rPois) [potion of mutation]
  9821 | D:7      | Gained mutation: You are strong-willed. (Will+) [potion of
                  | mutation]
  9824 | D:7      | Killed Joseph
  9824 | D:7      | HP: 3/65 [steam dragon (3)]
  9825 | D:7      | Killed from afar by a steam dragon

Illustrated notes

Levels and vault maps discovered:
D:1:      minmay_arrival_shoal_huts, layout_loops_ring,
          hellmonk_ecumenical_altar_crossroads, minmay_misc_feat_secret_circle,
          minmay_pentomino_x2
D:2:      layout_loops_ring, basic_altar
D:3:      layout_basic, grunt_ministairs_10
D:4:      layout_basic
D:5:      layout_loops_ring, grunt_temple_overflow_open,
          minmay_temple_entry_glassed_door
D:6:      layout_basic, minmay_ruined_shrine, uniq_edmund
D:7:      layout_rooms, uniq_joseph
Temple:   nicolae_temple_superstar

Skill      XL: |  1  2  3  4  5  6  7  8  9 |
---------------+----------------------------+-----
Conjurations   | 2 3 4 |  4.2
Spellcasting   | 5 6 |  6.7
Invocations    | 1 2 3 4 |  4.8
Fighting       | 1 2 3 4 |  4.4
Short Blades   | 1 2 3 4 |  4.4
Long Blades    | 1 2 3 4 |  4.4
Axes           | 1 2 3 4 |  4.4
Maces & Flails | 1 2 3 4 |  4.4
Polearms       | 1 2 3 4 |  4.4
Staves         | 1 2 3 4 |  4.4
Ranged Weapons | 1 2 3 4 |  4.4
Throwing       | 1 2 3 4 |  4.4
Armour         | 1 2 3 4 |  4.4
Shields        | 1 2 3 4 |  4.4
Unarmed Combat | 1 2 3 4 |  4.4
Evocations     | 1 2 3 4 |  4.4
Hexes          | 1 2 3 |  3.6
Summonings     | 1 2 3 |  3.6
Necromancy     | 1 2 3 |  3.6
Translocations | 1 2 3 |  3.6
Transmutations | 1 2 3 |  3.6
Ice Magic      | 1 2 3 |  3.6
Air Magic      | 1 2 3 |  3.6
Earth Magic    | 1 2 3 |  3.6
Poison Magic   | 1 2 3 |  3.6
Dodging        | 5 6 |  6.4
Stealth        | 5 6 |  6.1
Fire Magic     | 6 |  6.6

Action                     |  1- 3 |  4- 6 |  7- 9 || total
---------------------------+-------+-------+-------++-------
  Melee: Unarmed           |     6 |       |       ||     6
         Flail             |       |     4 |       ||     4
         War axe           |       |     5 |     1 ||     6
         Executioner's axe |       |       |    18 ||    18
         Bite              |       |       |     1 ||     1
   Cast: Foxfire           |   116 |   116 |   103 ||   335
         Scorch            |       |    18 |    46 ||    64
         Flame Wave        |       |       |     5 ||     5
  Evoke: Wand              |       |       |     3 ||     3
    Use: Potion            |       |       |     6 ||     6
 Armour: Robe              |     4 |    15 |    54 ||    73
  Dodge: Dodged            |     6 |    43 |   115 ||   164

Table legend: (Time is in decaauts)
 A = Elapsed time spent in this place.
 B = Non-inter-level travel time spent in this place.
 C = Inter-level travel time spent in this place.
 D = Time resting spent in this place.
 E = Time spent auto-exploring this place.
 F = Levels seen in this place.
 G = Mean time per level.
                   A        B        C        D        E       F      G
               +--------+--------+--------+--------+--------+-----+--------+
         Total |  10209 |  10024 |    185 |   2172 |   6562 |   8 | 1276.1 |
       Dungeon |  10183 |   9998 |    185 |   2172 |   6560 |   7 | 1454.7 |
        Temple |     25 |     25 |      0 |      0 |      2 |   1 |   25.0 |
               +--------+--------+--------+--------+--------+-----+--------+

Top non-repeatable levels by time:
     D:6: 3073 daAuts
     D:5: 1627 daAuts
     D:3: 1626 daAuts
     D:1: 1356 daAuts
     D:2: 1230 daAuts
     D:4: 1197 daAuts
     D:7: 71 daAuts
  Temple: 25 daAuts
